Map: Acid Plant LE

Players

lIIllllIIlll (INnoVation) - Winner!

  • Race: Terran Terran
  • League: Master
  • Spawn Location: 11:00

soO

  • Race: Zerg Zerg
  • League: Master
  • Spawn Location: 5:00

Event: HomeStory Cup XVII

VOD

Have the link to the VOD?

Description

Time

  • Played on: July 1, 2018, 7:02 p.m.
  • Length: 13:03

All games in this series

Show
View Real Time Build Order
Export as new Build Order

lIIllllIIlll Terran - Winner!

Build Orders: Reaper Expand, Bio Tank 

Get SALT Encoding   

  12  0:00  SCV  
  13  0:13  SCV  
  14  0:17  Supply Depot  
  14  0:25  SCV  
  15  0:38  SCV  
  15  0:40  Barracks  
  16  0:43  Refinery  
  16  0:50  SCV  
  17  1:03  SCV  
  18  1:15  SCV  
  19  1:27  Orbital Command, Reaper  
  20  1:39  Command Center  
  20  1:50  Barracks  
  20  1:54  SCV  
  21  1:59  Barracks Reactor  
  21  2:06  SCV  
  22  2:08  Supply Depot  
  22  2:12  Refinery  
  22  2:18  SCV  
  23  2:23  Factory  
  23  2:30  SCV  
  23  2:35  Marine  
  23  2:36  Marine  
  26  2:37  Barracks Tech Lab  
  26  2:42  SCV  
  27  2:52  Orbital Command  
  27  2:54  SCV  
  27  2:58  Stimpack, Marine  
  29  2:59  Marine  
  29  3:02  Marine  
  31  3:06  SCV  
  32  3:13  Starport  
  32  3:19  SCV x2  
  34  3:20  Factory Reactor  
  34  3:22  Marine  
  34  3:25  Marine  
  34  3:26  Marine  
  37  3:31  SCV x2  
  38  3:39  Supply Depot  
  38  3:41  Marine  
  38  3:43  Marine  
  38  3:44  SCV x2, Marine  
  43  3:56  SCV x2  
  43  4:01  Marine x2, Medivac x2  
  43  4:02  Supply Depot  
  51  4:03  Marine  
  52  4:10  Engineering Bay  
  52  4:11  SCV  
  52  4:12  SCV  
  52  4:16  Engineering Bay  
  54  4:22  Supply Depot  
  54  4:24  Marine x3  
  54  4:27  SCV x2  
  59  4:36  Terran Infantry Weapons Level 1  
  59  4:39  Supply Depot  
  59  4:42  Terran Infantry Armor Level 1, SCV x2  
  59  4:44  Marine x3  
  64  4:49  Supply Depot  
  64  4:55  SCV x2  
  64  4:58  Combat Shield  
  66  5:07  Command Center  
  66  5:09  SCV x2  
  66  5:11  Marine x3  
  71  5:16  Supply Depot  
  71  5:21  Refinery x2  
  71  5:22  SCV x2  
  73  5:31  Marine x3, Medivac  
  73  5:32  Medivac  
  73  5:35  SCV x2  
  82  5:37  Factory Tech Lab  
  82  5:43  Supply Depot  
  82  5:47  SCV x2  
  82  5:49  Marauder, Marine x2  
  87  5:54  Armory  
  87  5:59  SCV x2  
  87  6:03  Siege Tank, Barracks  
  92  6:08  Marine x2  
  92  6:11  Marauder  
  96  6:14  SCV x2  
  96  6:15  Supply Depot  
  98  6:21  Orbital Command  
  98  6:26  Barracks x2  
  98  6:32  SCV x2  
  100  6:35  Siege Tank, Concussive Shells  
  100  6:37  Marine x2  
  105  6:44  Terran Infantry Weapons Level 2  
  105  6:53  Terran Infantry Armor Level 2  
  102  7:06  Marauder, Marine x2  
  102  7:07  SCV x2  
  96  7:09  Orbital Command  
  96  7:10  Barracks Reactor  
  92  7:16  Barracks Tech Lab x2  
  92  7:19  SCV  
  92  7:20  Siege Tank  
  96  7:24  SCV, Marine x2  
  96  7:27  Marauder  
  101  7:31  SCV  
  101  7:36  Marauder x2, Supply Depot  
  106  7:37  Supply Depot  
  106  7:39  SCV x2  
  106  7:40  Refinery  
  106  7:41  Refinery  
  106  7:42  Marine x2  
  106  7:43  SCV  
  111  7:44  Medivac  
  111  7:45  Medivac  
  111  7:49  Marauder  
  111  7:50  Unknown  
  117  7:51  Unknown  
  117  7:54  Marine x2  
  117  7:55  SCV  
  117  7:56  SCV x2  
  117  7:57  Marauder  
  126  7:58  Marauder  
  126  8:00  Marine x2  
  126  8:04  Siege Tank  
  130  8:07  Missile Turret  
  130  8:08  Supply Depot x2  
  130  8:10  Marauder  
  130  8:12  SCV x3  
  135  8:13  Marine x2  
  135  8:16  Factory  
  135  8:17  Marine x2  
  135  8:18  Marauder  
  140  8:29  Marauder  
  140  8:31  Supply Depot x2  
  140  8:32  Marauder, Supply Depot x2  
  144  8:36  Terran Vehicle And Ship Armor Level 1  
  144  8:37  Command Center  
  143  8:42  Marauder, Marine x4  
  143  8:47  Siege Tank  
  152  8:51  Marauder  
  152  8:53  Marauder  
  152  8:55  Supply Depot  
  155  8:56  Supply Depot  
  155  8:57  Unknown  
  155  8:59  Factory Tech Lab  
  155  9:02  Terran Infantry Weapons Level 3  
  154  9:05  Marine x2  
  154  9:06  Marine x2  
  157  9:12  Terran Infantry Armor Level 3  
  157  9:13  Marauder x2  
  157  9:14  Marauder  
  163  9:19  Barracks  
  163  9:21  Barracks  
  163  9:22  Missile Turret, Barracks  
  163  9:24  Siege Tank  
  163  9:27  Siege Tank  
  168  9:34  Marauder x2  
  168  9:35  Marine x3  
  168  9:36  Marauder  
  168  9:37  Marine, Liberator x2  
  182  9:55  Marauder, Marine x4  
  182  9:56  Marauder  
  182  9:57  Marauder  
  194  10:00  Bunker  
  194  10:15  Refinery  
  194  10:18  Refinery, Missile Turret  
  194  10:21  Planetary Fortress  
  194  10:24  Siege Tank  
  194  10:25  Barracks Tech Lab, Barracks Reactor x2  
  194  10:26  Siege Tank  
  199  10:28  Marine  
  199  10:30  Liberator x2  
  157  10:46  Marauder x4, Marine x4  
  163  11:01  SCV  
  163  11:02  Siege Tank, SCV x2  
  163  11:03  Marine  
  163  11:04  Marine x2  
  163  11:07  Marauder x4  
  169  11:13  Marine x2  
  169  11:14  Marine x3  
  170  11:20  Siege Tank  
  171  11:28  Marauder  
  171  11:29  Marauder x3  
  179  11:33  SCV x3  
  179  11:34  Siege Tank  
  179  11:37  Medivac x2  
  189  11:42  Marine x7  
  191  11:50  Marauder x3  
  190  11:58  Marauder, Marine  
  190  12:00  Marine x2  
  186  12:01  Ghost Academy  
  170  12:09  Medivac x2  
  170  12:11  Marauder x2  
  174  12:15  Siege Tank  
  174  12:16  Siege Tank  
  174  12:22  Marine x6  
  184  12:23  Marine  
  187  12:33  Command Center  
Show
View Real Time Build Order
Export as new Build Order

soO Zerg 

Build Orders: Hatch First 

Get SALT Encoding   

  12  0:00  Drone  
  13  0:12  Overlord  
  13  0:17  Drone  
  14  0:30  Drone x2  
  14  0:34  Drone  
  17  0:51  Hatchery  
  17  0:54  Drone  
  17  0:57  Drone  
  18  1:07  Extractor  
  17  1:12  Spawning Pool  
  17  1:15  Drone  
  17  1:19  Drone  
  18  1:27  Drone  
  19  1:38  Overlord  
  19  1:58  Queen  
  19  1:59  Zergling x2  
  19  2:00  Zergling x2  
  23  2:02  Queen  
  23  2:03  Zergling x2  
  23  2:07  Metabolic Boost  
  26  2:11  Drone  
  26  2:13  Drone  
  28  2:24  Drone x2  
  30  2:34  Overlord, Queen  
  32  2:39  Drone  
  32  2:43  Drone  
  34  2:45  Drone  
  35  2:53  Drone  
  35  2:56  Drone  
  37  3:05  Drone  
  38  3:08  Overlord, Drone x3  
  38  3:11  Drone x2  
  38  3:12  Drone  
  44  3:27  Hatchery  
  44  3:30  Drone, Queen  
  46  3:37  Drone  
  46  3:39  Drone  
  46  3:40  Lair, Drone  
  49  3:44  Drone  
  49  3:46  Overlord  
  49  3:47  Drone x2  
  52  3:53  Extractor x2  
  52  3:55  Roach Warren  
  49  3:56  Drone  
  49  4:01  Overlord, Drone  
  51  4:06  Drone x2  
  51  4:07  Drone  
  54  4:16  Drone x4  
  58  4:17  Extractor  
  57  4:29  Drone  
  58  4:32  Overlord  
  58  4:35  Roach  
  58  4:36  Roach x3  
  58  4:37  Glial Reconstitution  
  66  4:40  Roach x2  
  66  4:43  Drone  
  66  4:44  Overlord x2  
  71  4:50  Roach x2  
  71  4:52  Overlord  
  75  4:54  Roach  
  75  4:59  Roach x2  
  81  5:09  Ravager x2  
  81  5:12  Drone x4  
  81  5:13  Drone x2  
  89  5:19  Roach x3  
  95  5:30  Spore Crawler, Evolution Chamber  
  95  5:32  Evolution Chamber  
  95  5:33  Drone  
  93  5:36  Roach  
  93  5:37  Roach x2  
  93  5:39  Overlord  
  99  5:50  Drone x6  
  99  5:51  Drone  
  106  5:59  Zerg Missile Weapons Level 1, Zerg Ground Armor Level 1  
  106  6:03  Drone  
  106  6:04  Drone x4  
  110  6:05  Extractor  
  110  6:06  Roach x2  
  110  6:07  Extractor  
  113  6:12  Ravager  
  113  6:13  Overlord  
  113  6:14  Overlord  
  113  6:15  Overseer  
  114  6:19  Overlord  
  114  6:27  Baneling Nest  
  114  6:28  Drone  
  114  6:34  Roach x5  
  114  6:35  Drone  
  125  6:44  Hatchery  
  124  6:47  Roach x5  
  132  6:54  Overlord  
  122  7:03  Roach x4  
  123  7:09  Drone x3  
  123  7:13  Ravager  
  127  7:16  Centrifical Hooks, Drone x3  
  127  7:20  Zergling x10  
  127  7:22  Hatchery  
  134  7:25  Hatchery  
  134  7:27  Queen  
  135  7:34  Zergling x6  
  138  7:39  Drone  
  139  7:45  Drone x2  
  139  7:47  Infestation Pit  
  140  7:55  Zerg Ground Armor Level 2  
  140  7:56  Zerg Melee Weapons Level 1  
  140  7:57  Zergling x12  
  140  7:58  Overlord x2  
  146  8:02  Burrow  
  146  8:04  Overlord  
  145  8:13  Overlord  
  145  8:15  Tunneling Claws  
  145  8:19  Zergling x16  
  152  8:31  Drone x3  
  156  8:34  Drone x2  
  156  8:38  Drone  
  156  8:39  Drone  
  158  8:42  Spire  
  158  8:48  Drone x3  
  158  8:49  Drone  
  160  9:10  Drone x2  
  160  9:11  Zergling x22  
  160  9:14  Hatchery, Hive  
  160  9:15  Baneling x2  
  160  9:16  Baneling x10  
  172  9:20  Roach x8  
  172  9:26  Baneling x8  
  172  9:27  Overlord  
  172  9:30  Queen  
  174  9:31  Extractor  
  163  9:47  Zergling x16  
  163  9:48  Zergling x18  
  174  10:00  Spore Crawler, Drone  
  174  10:02  Spore Crawler  
  174  10:05  Baneling x9  
  174  10:06  Baneling x2, Zergling x20  
  183  10:17  Zergling x10  
  183  10:18  Overlord  
  183  10:19  Zerg Melee Weapons Level 2  
  186  10:42  Zergling x26  
  155  10:47  Zergling x8  
  144  10:56  Zergling x2  
  144  10:57  Zergling x20  
  136  11:15  Corruptor  
  136  11:16  Corruptor x7  
  148  11:19  Adrenal Glands  
  148  11:24  Zergling x2  
  148  11:25  Zergling x6  
  139  11:30  Zergling x2  
  139  11:31  Zergling x4  
  139  11:32  Queen  
  135  11:36  Zergling x6  
  121  11:47  Zergling x10  
  121  11:53  Zergling x2  
  121  11:54  Zergling x4, Ultralisk Cavern  
  127  11:56  Zergling x2  
  127  12:00  Zergling x6  
  121  12:03  Roach x4  
  121  12:04  Zergling x2  
  121  12:07  Zergling x2  
  113  12:09  Zergling x2  
  113  12:11  Baneling  
  113  12:12  Baneling x5  
  112  12:18  Zergling x6  
  112  12:22  Baneling x5  
  115  12:24  Zergling x4  
  115  12:28  Zergling x2  
  115  12:29  Zergling x2  
  119  12:30  Hatchery  
  119  12:31  Zergling x2  
  119  12:35  Zergling x2  
  118  12:42  Zergling x4  
  117  12:44  Baneling  
  117  12:45  Baneling x8  
Tags
 
Add a new tag
Caveats
  • Supply blocks, unpowered buildings, or Contaminate may cause inaccurate times.
  • Supply counts are checked every 10 seconds.